 Dungeon Crawl Stone Soup version bcrawl-1.34.3 (webtiles) character file.

Game seed: 2137092164477493280

249590 KristoblXynda the Slasher (level 7, -10/61 HPs)
             Began as a Grey Draconian Gladiator on Oct 8, 2021.
             Mangled by a mummy (13 damage)
             ... in an ossuary.
             The game lasted 00:04:17 (3264 turns).

KristoblXynda the Slasher (DrGl)                    Turns: 3264, Time: 00:04:17

Health: -10/61     AC: 14    Str: 17    XL:     7   Next: 39%
Magic:  7/7        EV: 14    Int:  9    God:
Gold:   231        SH:  1    Dex: 13    Spells: 6/6 levels left

rFire    . . .     SeeInvis .   a - +1 long sword
rCold    . . .     Gourm    .   (no shield)
rNeg     . . .     Faith    .   (armour unavailable)
rPois    .         Spirit   .   b - +1 hat
rElec    .         Reflect  .   n - +0 cloak
rCorr    .         Harm     .   (no gloves)
MR       .....                  h - +0 pair of boots
Stlth    +.........             (no amulet)
HPRegen  0.20/turn              (no ring)
MPRegen  0.10/turn              (no ring)

@: no status effects
A: walk through water, unfitting armour, unbreathing, cold-blooded, AC +11
a: no special abilities


You were in an ossuary.
You were not hungry.

You visited 1 branch of the dungeon, and saw 4 of its levels.
You also visited: Ossuary.

You collected 231 gold pieces.

Inventory:

Hand Weapons
 a - a +1 long sword (weapon)
Missiles
 c - 3 throwing nets {=f}
Armour
 b - a +1 hat (worn)
 h - a +0 pair of boots (worn)
 n - a +0 cloak (worn)
 o - a scarf of clouds
Scrolls
 f - a scroll of enchant weapon
 g - 4 scrolls of teleportation
 j - 4 scrolls of remove curse
 k - a scroll of immolation {unknown}
 l - a scroll of magic mapping {unknown}
 p - a scroll of blinking {unknown}
Potions
 d - a potion of heal wounds
 m - a potion of invisibility
 q - a potion of brilliance {unknown}
Comestibles
 e - 9 rations {!d}


   Skills:
 + Level 5.5 Fighting
 * Level 6.4 Long Blades
 - Level 2.0 Throwing
 + Level 4.5 Dodging


You had 6 spell levels left.
You didn't know any spells.
Your spell library contained the following spells:

 Spells                   Type           Power        Failure   Level  Hunger
 Magic Dart               Conj           #...         38%         1    None
 Blink                    Tloc           N/A          52%         2    ####...
 Call Imp                 Summ           #.....       52%         2    ####...
 Confuse                  Hex            #.......     77%         3    #####..
 Conjure Flame            Conj/Fire      #.......     77%         3    #####..
 Dazzling Orbs            Conj/Hex       #......      77%         3    #####..
 Mephitic Cloud           Conj/Pois/Air  #.......     77%         3    #####..
 Spider Form              Tmut/Pois      #..          77%         3    #####..
 Petrify                  Tmut/Erth      #.........   99%         4    ######.
 Yara's Violent Unravell  Hex/Tmut       #.........   99%         4    ######.
 Metabolic Englaciation   Hex/Ice        #.........   100%        5    #######
 Mana Rupture             Conj/Hex       #.........   100%        7    #######


Dungeon Overview and Level Annotations

Branches:
Dungeon (4/12)             Temple (0/1) D:4

Altars:
Fedhas
Hepliaklqana
Nemelex Xobeh


Innate Abilities, Weirdness & Mutations

You can walk through water.
Your dull iron-grey scales are very hard. (AC +11)
You cannot fit into any form of body armour.
You can survive without breathing.
You are cold-blooded and may be slowed by cold attacks.


Message History

You slash the mummy!
The mummy is almost destroyed.
The mummy hits you.
You barely miss the mummy.
The mummy is almost destroyed.
The mummy completely misses you.
You hit the mummy.
The mummy is almost destroyed.
The mummy hits you.
You hit the mummy but do no damage.
You tail-slap the mummy, but do no damage.
The mummy is almost destroyed.
The mummy hits you!
* * * LOW HITPOINT WARNING * * *
The mummy hits you.
* * * LOW HITPOINT WARNING * * *
You hit the mummy.
You destroy the mummy!
The mummy hits you!
You die...

#######
#.#.#.#
#.....#
#...#
#M@.#
#...#
#.∩.#
#...#
##+##


You could see a mummy.

Vanquished Creatures
  A sky beast (D:4)
  2 elf zombies (D:4)
  An elf skeleton (D:4)
  A howler monkey (D:4)
  A crimson imp (D:4)
  A human zombie (D:4)
  2 hounds (D:2)
  A human skeleton (D:4)
  2 worker ants (D:4)
  A hound skeleton (D:4)
  2 mummies (Ossuary)
  A howler monkey zombie (D:4)
  3 adders (D:4)
  An ooze (D:3)
  An adder skeleton (D:3)
  5 worms
  3 dart slugs
  5 leopard geckos
  2 orcs (D:3)
  7 giant cockroaches
  6 goblins
  8 hobgoblins
  14 jackals
  7 bats
  5 frilled lizards
  7 kobolds
  4 rats
94 creatures vanquished.

Notes
Turn   | Place    | Note
-------+----------+-------------------------------------------
     0 | D:1      | KristoblXynda the Draconian Gladiator began the quest for
                  | the Orb.
     0 | D:1      | Reached XP level 1. HP: 19/19 MP: 1/1
   244 | D:1      | Reached XP level 2. HP: 26/26 MP: 2/2
   724 | D:1      | Reached XP level 3. HP: 31/31 MP: 3/3
  1119 | D:2      | Reached XP level 4. HP: 25/40 MP: 4/4
  1201 | D:2      | Reached skill level 4 in Long Blades
  1926 | D:3      | Reached XP level 5. HP: 46/46 MP: 5/5
  2254 | D:3      | Found a sparkling altar of Nemelex Xobeh.
  2255 | D:3      | Found a hazy altar of Hepliaklqana.
  2256 | D:3      | Found a blossoming altar of Fedhas.
  2646 | D:4      | Found a staircase to the Ecumenical Temple.
  2702 | D:4      | Noticed a sky beast
  2736 | D:4      | Killed a sky beast
  2737 | D:4      | Reached skill level 5 in Long Blades
  2737 | D:4      | Reached XP level 6. HP: 22/53 MP: 6/6
  3088 | D:4      | Reached skill level 5 in Fighting
  3199 | D:4      | Reached skill level 6 in Long Blades
  3199 | D:4      | Your scales start taking on a dull iron-grey colour.
  3199 | D:4      | Reached XP level 7. HP: 21/61 MP: 7/7
  3199 | D:4      | Gained mutation: You can survive without breathing. [Grey
                  | Draconian growth]
  3216 | D:4      | Found a sand-covered staircase.
  3244 | Ossuary  | Entered an ossuary
  3263 | Ossuary  | HP: 2/61 [mummy (5)]
  3264 | Ossuary  | Mangled by a mummy

Skill      XL: |  1  2  3  4  5  6 |
---------------+-------------------+-----
Throwing       | 2 |  2.0
Dodging        | 3 4 |  4.5
Long Blades    | 4 5 6 |  6.4
Fighting       | 4 5 |  5.5

Action                   |  1- 3 |  4- 6 |  7- 9 || total
-------------------------+-------+-------+-------++-------
Melee: Long sword        |    98 |   254 |    44 ||   396
       Tailslap          |    14 |    30 |     8 ||    52
  Use: Scroll            |       |     5 |       ||     5
       Potion            |       |     1 |       ||     1
 Stab: Sleeping          |     1 |     1 |       ||     2
       Distracted        |       |       |     1 ||     1
  Eat: Chunk             |     3 |    13 |       ||    16
       Ration            |       |       |     1 ||     1
Armor: Skin              |    44 |   103 |    12 ||   159
Dodge: Dodged            |    82 |   170 |    18 ||   270
Block: Other             |       |     8 |     2 ||    10
